 Dungeon Sprint DCSS version 0.21-a0-41-g5e91fef (webtiles) character file.

7035 Kidiri the Eclecticist (level 10, -1/56 HPs)
             Began as a Deep Elf Fire Elementalist on June 3, 2017.
             Was the Champion of Vehumet.
             Succumbed to a redback's poison
             ... in the Dungeon (Sprint III: "The Ten Rune Challenge").
             The game lasted 00:18:26 (2836 turns).

Kidiri the Eclecticist (Deep Elf Fire Elementalist) Turns: 2836, Time: 00:18:27

Health: -1/56      AC:  4    Str:  5    XL:     10   Next: 83%
Magic:  30/34      EV: 19    Int: 24    God:    Vehumet [******]
Gold:   34         SH:  0    Dex: 15    Spells: 4/40 levels left

rFire    + . .     SeeInvis .   j - +0 dagger
rCold    . . .     Gourm    .   (no shield)
rNeg     . . .     Faith    .   d - +2 robe {rF+}
rPois    .         Spirit   .   (no helmet)
rElec    .         Reflect  .   (no cloak)
rCorr    .         Harm     .   (no gloves)
MR       +....     NoTele   +   (no boots)
Stlth    ++........             (no amulet)
Regen    0.2/turn               (no ring)
MPRegen  0.3/turn               (no ring)

@: lethally poisoned (-1 -> -23)
A: blink, frail 1, high mp 1
a: Blink, Renounce Religion


You were in the Dungeon.
You worshipped Vehumet.
Vehumet was exalted by your worship.
You were very full.

You visited 1 branch You collected 34 gold pieces.

Inventory:

Hand Weapons
 j - a +0 dagger (weapon)
 k - a +1 long sword of holy wrath
Armour
 a - a +0 robe
 d - a +2 robe of fire resistance (worn)
Scrolls
 i - a scroll of blinking
 l - a scroll of torment
 m - a scroll of identify
 n - 2 scrolls of remove curse
Potions
 f - a potion of haste
 g - a potion of magic
 h - a potion of berserk rage
 p - 3 potions of flight
Books
 q - a book of Minor Magic

   Spells                             Type                      Level
   a - Magic Dart                     Conjuration                  1
   b - Blink                          Translocation                2
   c - Call Imp                       Summoning                    2
   d - Slow                           Hexes                        2
   e - Conjure Flame                  Conjuration/Fire             3
   f - Mephitic Cloud                 Conjuration/Poison/Air       3
Comestibles
 b - 22 royal jellies
 c - a bread ration
 o - 5 chunks of flesh


   Skills:
 + Level 7.6 Fighting
 + Level 10.8 Dodging
 - Level 2.4 Stealth
 + Level 7.6 Unarmed Combat
 * Level 15.8 Spellcasting
 + Level 9.9 Conjurations
 + Level 10.7 Fire Magic
 + Level 2.1 Ice Magic
 + Level 7.1 Air Magic
 + Level 6.3 Earth Magic
 + Level 7.4 Poison Magic


You had 4 spell levels left.
You knew the following spells:

 Your Spells              Type           Power        Failure   Level  Hunger
a - Flame Tongue          Conj/Fire      #####        1%          1    None
b - Throw Flame           Conj/Fire      ######       1%          2    None
c - Conjure Flame         Conj/Fire      ######..     1%          3    None
d - Inner Flame           Hex/Fire       #####...     1%          3    None
e - Sticky Flame          Conj/Fire      ######..     1%          4    None
f - Fireball              Conj/Fire      ######....   1%          5    #......
g - Bolt of Fire          Conj/Fire      ######....   1%          6    ####...
h - Mephitic Cloud        Conj/Pois/Air  ######..     1%          3    None
i - Stone Arrow           Conj/Erth      ######       1%          3    None
j - Freezing Cloud        Conj/Ice/Air   #####.....   9%          6    ####...


Dungeon Overview and Level Annotations

Branches:
Dungeon (1/1)

Altars:
Cheibriados
Dithmenos
Elyvilon
Fedhas
Gozag
Hepliaklqana
Kikubaaqudgha
Makhleb
Nemelex Xobeh
Okawaru
Qazlal
Ru
Sif Muna
Trog
Uskayaw
Vehumet
Wu Jian
Xom
Yredelemnul
Zin
The Shining One
Beogh
Jiyva
Lugonu


Innate Abilities, Weirdness & Mutations

You can translocate small distances at will.
You are frail. (-10% HP)
You have an increased reservoir of magic. (+10% MP)


Message History

The bolt of fire hits the redback.
You kill the redback!
Vehumet accepts your kill.
You feel your power returning.
Your Ice Magic skill increases to level 2!
* * * LOW HITPOINT WARNING * * *
You feel very sick.
* * * LOW HITPOINT WARNING * * *
You feel very sick.
* * * LOW HITPOINT WARNING * * *
You feel very sick.
* * * LOW HITPOINT WARNING * * *
You feel sick.
* * * LOW HITPOINT WARNING * * *
You feel very sick.
* * * LOW HITPOINT WARNING * * *
You feel sick.
* * * LOW HITPOINT WARNING * * *
You feel sick.
You die...

♣♣≈≈≈........≈≈≈...
+♣♣'♣≈≈≈≈≈≈≈≈≈≈≈≈♣♣..
#.≈♣♣♣♣♣♣♣♣♣♣♣♣♣♣♣♣PP
#.%♣♣ ♣♣♣ ###'♣♣♣♣♣
♣♣♣♣.##..#
♣...##.##.# ♣♣.##%##
## ♣..#@## ♣♣.##.#
♣♣.##.# ♣.....#
#######


There were no monsters in sight!

Vanquished Creatures
  Erolcha (D)
  A lindwurm (D)
  A deep elf mage (D)
  2 spiny frogs (D)
  A komodo dragon (D)
  A queen bee (D)
  3 wandering mushrooms (D)
  2 tyrant leeches (D)
  A shadow (D)
  5 redbacks (D)
  A spatial vortex (D)
  A necrophage (D)
  5 two-headed ogres (D)
  A water elemental (D)
  32 killer bees (D)
  A jelly (D)
  A wizard (D)
  Jessica (D)
  A necromancer (D)
  3 humans (D)
  A kobold demonologist (D)
  A wolf (D)
  3 rats (D)
  2 ballistomycetes (D)
72 creatures vanquished.

Vanquished Creatures (others)
  2 draconian scorchers (D)
  2 hydras (D)
  6 hellions (D)
  2 yaktaurs (D)
  An electric eel (D)
  A ballistomycete spore (D)
  5 plants (D)
19 creatures vanquished.

Grand Total: 91 creatures vanquished

Notes
Turn   | Place    | Note
-------+----------+-------------------------------------------
     0 | D        | Kidiri the Deep Elf Fire Elementalist began the quest for the Orb.
     0 | D        | Reached XP level 1. HP: 10/10 MP: 6/6
    44 | D        | Noticed Jessica
    48 | D        | Killed Jessica
    48 | D        | Reached skill level 1 in Fighting
    48 | D        | Reached skill level 1 in Unarmed Combat
    48 | D        | Reached skill level 5 in Spellcasting
    48 | D        | Reached XP level 2. HP: 16/16 MP: 3/10
    52 | D        | Learned a level 2 spell: Throw Flame
    77 | D        | Killed a hellion
    89 | D        | Killed a yaktaur
    97 | D        | Killed a hellion
    98 | D        | Killed a hellion
    98 | D        | Killed a hellion
   117 | D        | Killed a hellion
   156 | D        | Killed a white draconian scorcher
   163 | D        | Reached XP level 3. HP: 21/21 MP: 7/12
   168 | D        | Learned a level 3 spell: Conjure Flame
   172 | D        | Learned a level 3 spell: Inner Flame
   173 | D        | Killed a hellion
   210 | D        | Reached skill level 6 in Spellcasting
   219 | D        | Killed a white draconian scorcher
   232 | D        | Gained mutation: You are partially covered in iridescent scales. (AC +2) [potion of mutation]
   232 | D        | Gained mutation: You are robust. (+10% HP) [potion of mutation]
   232 | D        | Gained mutation: You can translocate small distances at will. [potion of mutation]
   232 | D        | Gained mutation: You have a somewhat thin skeletal structure. (Dex +2, Stealth) [potion of mutation]
   233 | D        | Lost mutation: You are partially covered in iridescent scales. (AC +2) [potion of mutation]
   233 | D        | Lost mutation: You can translocate small distances at will. [potion of mutation]
   233 | D        | Lost mutation: You have a somewhat thin skeletal structure. (Dex +2, Stealth) [potion of mutation]
   233 | D        | Gained mutation: Your mind is acute. (Int +2) [potion of mutation]
   233 | D        | Gained mutation: You have sharp fingernails. [potion of mutation]
   233 | D        | Gained mutation: You are surrounded by a mild repulsion field. (EV +2) [potion of mutation]
   234 | D        | Lost mutation: Your mind is acute. (Int +2) [potion of mutation]
   234 | D        | Lost mutation: You have sharp fingernails. [potion of mutation]
   234 | D        | Lost mutation: You are robust. (+10% HP) [potion of mutation]
   234 | D        | Gained mutation: You are partially covered in large bone plates. (SH +4) [potion of mutation]
   234 | D        | Gained mutation: You are partially covered in molten scales. (AC +2) [potion of mutation]
   235 | D        | Lost mutation: You are surrounded by a mild repulsion field. (EV +2) [potion of mutation]
   235 | D        | Lost mutation: You are partially covered in molten scales. (AC +2) [potion of mutation]
   235 | D        | Gained mutation: You tend to lose your temper in combat. [potion of mutation]
   235 | D        | Gained mutation: You have large cloven feet. [potion of mutation]
   236 | D        | Lost mutation: You tend to lose your temper in combat. [potion of mutation]
   236 | D        | Lost mutation: You have large cloven feet. [potion of mutation]
   236 | D        | Lost mutation: You are partially covered in large bone plates. (SH +4) [potion of mutation]
   236 | D        | Gained mutation: You have a pair of small horns on your head. [potion of mutation]
   236 | D        | Gained mutation: You have a somewhat thin skeletal structure. (Dex +2, Stealth) [potion of mutation]
   236 | D        | Gained mutation: You can translocate small distances at will. [potion of mutation]
   237 | D        | Lost mutation: You have a pair of small horns on your head. [potion of mutation]
   237 | D        | Lost mutation: You have a somewhat thin skeletal structure. (Dex +2, Stealth) [potion of mutation]
   237 | D        | Gained mutation: You are frail. (-10% HP) [potion of mutation]
   237 | D        | Gained mutation: You have an increased reservoir of magic. (+10% MP) [potion of mutation]
   296 | D        | Noticed a water elemental
   297 | D        | Killed a water elemental
   297 | D        | Reached skill level 7 in Spellcasting
   297 | D        | Reached skill level 5 in Fire Magic
   297 | D        | Reached XP level 4. HP: 24/24 MP: 9/16
   313 | D        | Learned a level 4 spell: Sticky Flame
   342 | D        | Found a radiant altar of Vehumet.
   343 | D        | Found a deep blue altar of Sif Muna.
   343 | D        | Found an ancient bone altar of Kikubaaqudgha.
   343 | D        | Noticed a wizard
   346 | D        | Killed a wizard
   346 | D        | Reached skill level 5 in Dodging
   346 | D        | Reached XP level 5. HP: 28/28 MP: 7/18
   348 | D        | Noticed a red devil
   348 | D        | Reached skill level 8 in Spellcasting
   351 | D        | Became a worshipper of Vehumet
   366 | D        | Learned a level 5 spell: Fireball
   461 | D        | Killed a yaktaur
   521 | D        | Found a glowing silver altar of Zin.
   522 | D        | Found a glowing golden altar of the Shining One.
   522 | D        | Found a white marble altar of Elyvilon.
   522 | D        | Noticed a deep elf mage
   528 | D        | Killed a deep elf mage
   528 | D        | Reached skill level 11 in Spellcasting
   528 | D        | Reached XP level 6. HP: 24/35 MP: 14/24
   528 | D        | Reached XP level 7. HP: 27/39 MP: 14/25
   533 | D        | Learned a level 3 spell: Mephitic Cloud
   618 | D        | Found an ornate altar of the Wu Jian Council.
   618 | D        | Found a roughly hewn altar of Beogh.
   618 | D        | Found an iron altar of Okawaru.
   618 | D        | Found a bloodstained altar of Trog.
   618 | D        | Found a hide-covered altar of Uskayaw.
   618 | D        | Noticed a human
   621 | D        | Noticed a human
   629 | D        | Killed a human
   629 | D        | Killed a human
   629 | D        | Reached skill level 1 in Air Magic
   629 | D        | Reached skill level 1 in Poison Magic
   629 | D        | Reached * piety under Vehumet
   629 | D        | Offered knowledge of Sting by Vehumet.
   629 | D        | Reached skill level 5 in Fighting
   629 | D        | Reached skill level 5 in Unarmed Combat
   910 | D        | Found a basalt altar of Yredelemnul.
   910 | D        | Found a shadowy altar of Dithmenos.
   910 | D        | Found a sacrificial altar of Ru.
   985 | D        | Noticed a shadow
   989 | D        | Killed a shadow
   989 | D        | Reached ** piety under Vehumet
   989 | D        | Offered knowledge of Shock by Vehumet.
   989 | D        | Reached skill level 12 in Spellcasting
   989 | D        | Reached XP level 8. HP: 31/44 MP: 20/28
  1075 | D        | Found a blossoming altar of Fedhas.
  1075 | D        | Found a stormy altar of Qazlal.
  1075 | D        | Found a snail-covered altar of Cheibriados.
  1075 | D        | Found a burning altar of Makhleb.
  1075 | D        | Found a shimmering altar of Xom.
  1076 | D        | Found a hazy altar of Hepliaklqana.
  1076 | D        | Found an opulent altar of Gozag.
  1076 | D        | Found a sparkling altar of Nemelex Xobeh.
  1076 | D        | Found a corrupted altar of Lugonu.
  1076 | D        | Found a viscous altar of Jiyva.
  1194 | D        | Offered knowledge of Stone Arrow by Vehumet.
  1197 | D        | Reached *** piety under Vehumet
  1261 | D        | Learned a level 3 spell: Stone Arrow
  1267 | D        | Noticed a two-headed ogre
  1267 | D        | Noticed Erolcha
  1283 | D        | Killed Erolcha
  1283 | D        | Offered knowledge of Throw Icicle by Vehumet.
  1283 | D        | Reached skill level 13 in Spellcasting
  1283 | D        | Reached XP level 9. HP: 49/49 MP: 9/31
  1301 | D        | Noticed a two-headed ogre
  1304 | D        | Killed a two-headed ogre
  1304 | D        | Reached skill level 5 in Poison Magic
  1319 | D        | Killed a two-headed ogre
  1319 | D        | Reached **** piety under Vehumet
  1409 | D        | Reached skill level 14 in Spellcasting
  1409 | D        | Reached skill level 5 in Air Magic
  1629 | D        | Noticed a queen bee
  1639 | D        | Offered knowledge of Venom Bolt by Vehumet.
  1689 | D        | Reached ***** piety under Vehumet
  1811 | D        | Reached ****** piety under Vehumet
  1811 | D        | Offered knowledge of Bolt of Fire by Vehumet.
  1819 | D        | Learned a level 6 spell: Bolt of Fire
  1990 | D        | Reached XP level 10. HP: 54/54 MP: 16/33
  1990 | D        | Offered knowledge of Ozocubu's Refrigeration by Vehumet.
  2012 | D        | Reached skill level 10 in Dodging
  2012 | D        | Reached skill level 5 in Earth Magic
  2018 | D        | Reached skill level 10 in Fire Magic
  2350 | D        | Reached skill level 15 in Spellcasting
  2365 | D        | Killed a five-headed hydra
  2370 | D        | Killed a seven-headed hydra
  2523 | D        | Noticed a spiny frog
  2523 | D        | Noticed a spiny frog
  2525 | D        | Killed a spiny frog
  2525 | D        | Offered knowledge of Freezing Cloud by Vehumet.
  2528 | D        | Killed a spiny frog
  2583 | D        | Learned a level 6 spell: Freezing Cloud
  2690 | D        | Reached skill level 1 in Ice Magic
  2789 | D        | Noticed a lindwurm
  2799 | D        | Killed a lindwurm
  2835 | D        | HP: 1/56 [poisoned by a redback]
  2836 | D        | Succumbed to a redback's poison

Vault maps used:
D:        dungeon_sprint_mu

Skill      XL: |  1  2  3  4  5  6  7  8  9 10 |
---------------+-------------------------------+-----
Fighting       | 1 2 4 5 6 7 |  7.6
Dodging        | 3 4 5 7 8 9 10 | 10.8
Unarmed Combat | 1 2 4 5 6 7 |  7.6
Spellcasting   | 5 7 11 12 13 14 15 | 15.8
Conjurations   | 2 3 4 6 7 8 9 |  9.9
Fire Magic     | 4 5 7 8 9 10 | 10.7
Air Magic      | 2 4 5 7 |  7.1
Poison Magic   | 2 4 6 7 |  7.4
Earth Magic    | 2 4 6 |  6.3
Ice Magic      | 2 |  2.1
Stealth        | |  2.4

Action                   |  1- 3 |  4- 6 |  7- 9 | 10-12 || total
-------------------------+-------+-------+-------+-------++-------
Melee: Unarmed           |     1 |       |       |       ||     1
       Dagger            |       |       |     4 |     5 ||     9
 Cast: Flame Tongue      |    20 |     5 |    88 |     8 ||   121
       Throw Flame       |     3 |       |       |       ||     3
       Conjure Flame     |     1 |       |    18 |     1 ||    20
       Sticky Flame      |       |     3 |     7 |     8 ||    18
       Inner Flame       |       |       |    22 |       ||    22
       Mephitic Cloud    |       |       |     6 |     1 ||     7
       Stone Arrow       |       |       |     1 |     2 ||     3
       Fireball          |       |       |     1 |       ||     1
       Bolt of Fire      |       |       |       |    13 ||    13
  Use: Potion            |     6 |       |     3 |       ||     9
       Scroll            |       |     4 |       |       ||     4
  Eat: Royal jelly       |       |       |     3 |     5 ||     8
Armor: Robe              |     1 |       |     2 |       ||     3
Dodge: Dodged            |     4 |     1 |    13 |    17 ||    35
